 Dungeon Crawl Stone Soup version 0.29.1-13-g9f3cf754e1 (webtiles) character file.

Game seed: 12969151939820819069

23 BallerZ the Chiller (level 2, 0/19 HPs)
             Began as a Vampire Ice Elementalist on Feb 7, 2023.
             Slain by an adder (2 damage)
             ... on level 2 of the Dungeon.
             The game lasted 00:07:55 (1034 turns).

BallerZ the Chiller (Vampire Ice Elementalist)      Turns: 1034, Time: 00:07:55

Health: 0/19       AC:  6    Str:  7    XL:     2   Next: 75%
Magic:  5/5        EV:  7    Int: 17    God:
Gold:   62         SH:  0    Dex: 14    Spells: 4/5 levels left

rFire   . . .      SeeInvis +   g - +1 mace
rCold   . . .      Faith    .   (no shield)
rNeg    . . .      Spirit   .   k - +0 scale mail
rPois   .          Reflect  .   (no helmet)
rElec   .          Harm     .   (no cloak)
rCorr   .          Rampage  .   (no gloves)
Will    .....                   (no boots)
Stlth   +.........              (no amulet)
HPRegen 0.26/turn               (no ring)
MPRegen 0.09/turn               (no ring)

@: lethally poisoned (0 -> -5), healing quickly
A: alive, fangs 3, see invisible, vampiric 1
a: Exsanguinate


You were on level 2 of the Dungeon.
You visited 1 branch of the dungeon, and saw 2 of its levels.

You collected 62 gold pieces.

Inventory:

Hand Weapons
 c - a +0 dagger
 g - a +1 mace (weapon)
Armour
 a - a +0 robe
 f - a +0 ring mail
 k - a +0 scale mail (worn)
Scrolls
 e - 3 scrolls of noise
 l - a scroll of teleportation
Potions
 b - a potion of magic
 d - 2 potions of might {unknown}
 i - 2 potions of curing {unknown}


   Skills:
 + Level 2.3 Dodging
 + Level 3.2 Stealth
 + Level 2.4 Spellcasting
 + Level 4.4 Ice Magic


You had 4 spell levels left.
You knew the following spells:

 Your Spells              Type           Power      Damage    Failure   Level
a - Freeze                Ice            68%        1d8       36%         1

Your spell library contained the following spells:

 Spells                   Type           Power      Damage    Failure   Level
 Frozen Ramparts          Ice            34%        1d6       75%         3
 Ozocubu's Armour         Ice            17%        N/A       75%         3
 Ignite Poison            Fire/Tmut/Pois 2%         N/A       100%        3
 Mephitic Cloud           Conj/Pois/Air  2%         N/A       100%        3
 Hailstorm                Conj/Ice       9%         3d4       100%        4
 Summon Lightning Spire   Summ/Air       2%         N/A       100%        4
 Freezing Cloud           Conj/Ice/Air   3%         6-21      100%        5
 Storm Form               Tmut/Air       1%         N/A       100%        7
 Maxwell's Capacitive Co  Air            1%         ∞         100%        8


Dungeon Overview and Level Annotations

Branches:
Dungeon (2/15)

Altars:


Innate Abilities, Weirdness & Mutations

Your natural rate of healing is accelerated.
You have razor-sharp teeth.
You have supernaturally acute eyesight. (SInv)
You are afflicted with vampirism.


Message History

Found a robe.
You see here a +0 robe.
Found a mace.
You see here a +0 mace.
Found a clear potion.
i - 2 clear potions (gained 1)
An adder comes into view.
The adder moves out of view.
The adder hisses angrily.
The adder bites you but does no damage. The adder bites you.
You are poisoned.
The adder poisons you!
You feel sick. The adder attacks as you move away!
The adder bites you but does no damage.
You feel sick.
You feel sick. The adder bites you.
You feel sick. The adder attacks as you move away!
The adder bites you but does no damage.
You feel sick.
You are no longer poisoned.
The adder bites you.
You are poisoned.
The adder poisons you!
You closely miss the adder.
You feel sick. The adder bites you but does no damage.
You closely miss the adder. You bite the adder, but do no damage.
You feel sick. The adder bites you but does no damage.
The adder closely misses you.
You hit the adder. Your bite misses the adder.
The adder is moderately wounded.
You feel sick. The adder bites you.
* * * LOW HITPOINT WARNING * * *
You are lethally poisoned!
The adder poisons you! The adder completely misses you.
You completely miss the adder. You punch the adder.
The adder is moderately wounded.
* * * LOW HITPOINT WARNING * * *
You feel sick. The adder bites you.
You die...

########## .
#.@....... ..#
#..####S#######
..# #.......# ..#
...###..# #.#
##..###..# #.#
........# #.#
#..###..# #.#
#..###..#
####.#####.......#


You could see an adder.

Vanquished Creatures
  A dart slug (D:1)
  3 ball pythons (D:1)
  4 endoplasms (D:1)
  3 hobgoblins
  A frilled lizard (D:1)
  4 goblins (D:1)
  A kobold (D:1)
  2 rats
19 creatures vanquished.

Vanquished Creatures (others)
  5 toadstools (D:1)
5 creatures vanquished.

Grand Total: 24 creatures vanquished

Notes
Turn   | Place    | Note
-------+----------+-------------------------------------------
     0 | D:1      | BallerZ the Vampire Ice Elementalist began the quest for
                  | the Orb.
     0 | D:1      | Reached XP level 1. HP: 13/13 MP: 3/3
   155 | D:1      | Reached XP level 2. HP: 9/19 MP: 0/5
  1034 | D:2      | Slain by an adder

Illustrated notes

Levels and vault maps discovered:
D:1:      ldierk_walled_garden, layout_rooms, grunt_decor_fettered
D:2:      layout_basic

Action                   || total
-------------------------++-------
Melee: Unarmed           ||     2
       Mace              ||     8
       Dagger            ||     1
       Punch             ||     1
       Bite              ||     1
 Cast: Freeze            ||    27
  Use: Scroll            ||     4
Armor: Robe              ||     5
       Scale mail        ||    12
       Ring mail         ||     2
Dodge: Dodged            ||    19
